AoeStats
← madmoldo-

Arena

510154578Analyzed
2v2 RM · 3d ago on Sep 29, 2026· 55m 40s· 4 players
Game mode
Random Map
Map size
Medium (4 player)
Population
200
Speed
Normal
Resources
Standard
Victory
Conquest
Starting age
Dark Age
Ending age
Imperial Age
RankedLock teamsTeams togetherTeam positionsShared explorationLock speedFull tech treeHidden civsTurbo modeCheats
Victory
Defeat
🇲🇩 Magyars · Moldova
598
+18
🇺🇸 Turks · United States
527
+21
🇬🇧 Varangians · United Kingdom
642
-20
🇨🇦 Danes · Canada
629
-19
FEARthisDUDE
0:29 Loom
11:33 Feudal Age
11:59 Double-Bit Axe
12:53 Wheelbarrow
12:03 Horse Collar
13:55 Stone Mining
18:51 Gold Mining
23:06 Castle Age
24:24 Hand Cart
27:31 Caravan
27:36 Fletching
32:04 Imperial Age
34:20 Gold Shaft Mining
35:53 Heavy Plow
36:59 Conscription
38:18 Thumb Ring
43:57 Capped Ram
45:15 Husbandry
45:26 Bloodlines
47:57 Siege Ram
49:06 Town Watch
49:25 Bodkin Arrow
49:31 Padded Archer Armor
49:42 Forging
49:38 Scale Barding Armor
49:21 Treadmill Crane
49:52 Masonry
49:53 Fortified Wall
52:05 Bow Saw
madmoldo-
11:00 Feudal Age
12:23 Double-Bit Axe
13:34 Wheelbarrow
14:21 Horse Collar
16:29 Gold Mining
19:12 Scale Barding Armor
19:43 Stone Mining
22:39 Bloodlines
23:33 Arson
23:25 Man-at-Arms
27:34 Castle Age
27:17 Fletching
27:28 Padded Archer Armor
28:32 Hand Cart
28:54 Gold Shaft Mining
28:32 Bow Saw
28:45 Heavy Plow
29:43 Caravan
31:14 Corvinian Army
34:11 Loom
34:55 Leather Archer Armor
35:30 Chain Barding Armor
36:55 Bodkin Arrow
39:11 Thumb Ring
42:39 Ballistics
45:31 Imperial Age
45:37 Elite Magyar Huszar
46:40 Conscription
45:40 Elite Magyar Huszar
46:21 Recurve Bow
45:51 Heavy Cavalry Archer
47:13 Parthian Tactics
46:51 Husbandry
47:50 Elite Skirmisher
47:54 Crossbowman
55:08 Pikeman
55:09 Long Swordsman
Jamwoo
7:47 Loom
12:17 Feudal Age
21:26 Castle Age
19:40 Double-Bit Axe
19:52 Gold Mining
19:57 Horse Collar
23:35 Bloodlines
23:29 Husbandry
24:46 Caravan
26:19 Gambesons
26:50 Forging
28:57 Bow Saw
30:06 Stone Mining
31:38 Elite Skirmisher
38:22 Imperial Age
JH
4:29 Loom
12:11 Feudal Age
12:55 Double-Bit Axe
12:58 Horse Collar
16:52 Wheelbarrow
18:14 Town Watch
24:04 Castle Age
22:40 Gold Mining
22:43 Stone Mining
25:16 Forging
25:09 Scale Mail Armor
25:00 Fletching
27:25 Town Patrol
27:41 Hand Cart
28:04 Iron Casting
27:45 Chain Mail Armor
28:00 Bodkin Arrow
29:37 Arson
29:53 Squires
30:40 Bow Saw
31:27 Heavy Plow
36:20 Hamask
42:58 Imperial Age
43:04 Capped Ram
44:29 Conscription
44:44 Elite Varangian Guard
47:24 Plate Mail Armor
47:14 Pikeman
49:28 Blast Furnace
49:43 Halberdier
50:26 Elite Jomsviking
51:33 Murder Holes
52:47 Onager
55:05 Padded Archer Armor
55:05 Bracer
Connection lost

Rejoining the realm…

Still unreachable

The connection could not be restored.

Session expired

The server has moved on; the page needs a fresh start.